Description

7 gate 2 base 400 gas then pull off build from Has.

Replay - meeK v OiLTowN - Zen LE

Build Order

Get SALT Encoding   

  12  0:00  Probe  
  13  0:13  Probe  
  14  0:21  Pylon  
  14  0:25  Probe (Chrono Boost)  
  15  0:40  Probe (Chrono Boost)  
  15  0:42  Gateway  
  16  0:46  Probe (Chrono Boost)  
  16  0:48  Assimilator  
  17  0:55  Probe  
  18  1:07  Probe  
  19  1:23  Nexus  
  19  1:36  Cybernetics Core  
  19  1:41  Pylon  
  19  1:46  Assimilator  
  19  1:49  Probe  
  20  2:06  Gateway  
  20  2:09  Warp Gate  
  20  2:10  Pylon  
  20  2:13  Adept (Chrono Boost)  
  22  2:31  Twilight Council  
  22  2:35  Probe x2  
  24  2:45  Stalker (Chrono Boost)  
  26  2:58  Robotics Facility  
  28  3:12  Charge (Chrono Boost)  
  28  3:24  Gateway  
  28  3:31  Gateway x2  
  30  3:50  Warp Prism  
  32  4:00  Gateway  
  34  4:09  Gateway  
  34  4:16  Pylon  
  36  4:29  Pylon  
  38  4:38  Zealot x4  
  46  5:01  Zealot x6  
Spawning Tool Build Advisor. Get it on Overwolf

Analysis

5:15 is the timing hide gateways at back of base stalker patrols the main and denies the ovie scout. Pull all workers off gas once 400 is mined, make 32 workers, 7 gateways, and attack with pure chargelots around 5:15 with your warp prism carefully warping in just outside creep area.

Go to:

Details

  • Created by: meek_sc2
  • Published on: May 29, 2020
  • Modified on: May 29, 2020
  • Patch: 4.11.0
  • Difficulty: Easy
Show
View Real Time Build Order
Export as new Build Order

Comments (0)

There are no comments. Be the first!

Create an account to comment!